 Dungeon Crawl Stone Soup version 0.31-a0-460-g9e667d4245 (webtiles) character file.

Game seed: 8460616633393550346

221 horus123 the Thaumaturge (level 5, -3/28 HPs)
             Began as a Deep Elf Earth Elementalist on Aug 5, 2023.
             Slain by a bullfrog (6 damage)
             ... in a sewer.
             The game lasted 00:05:11 (2374 turns).

horus123 the Thaumaturge (DEEE)                     Turns: 2374, Time: 00:05:12

Health: -3/28      AC:  4    Str:  5    XL:     5   Next: 65%
Magic:  13/17      EV: 12    Int: 22    God:
Gold:   95         SH:  0    Dex: 15    Spells: 16/20 levels left

rFire   . . .        j - +0 long sword
rCold   . . .        (no shield)
rNeg    . . .        a - +0 robe
rPois   .            m - +0 hat
rElec   .            (no cloak)
rCorr   .            o - +0 pair of gloves
SInv    .            l - +0 pair of boots
Will    .....        (no amulet)
Stlth   +            (no ring)
HPRegen 0.24/turn    (no ring)
MPRegen 0.15/turn

%: no passive effects
@: very slow
A: no striking features
a: no special abilities


You were in a sewer.
You visited 1 branch of the dungeon, and saw 3 of its levels.
You also visited: Sewer.

You collected 95 gold pieces.

Inventory:

Hand Weapons
 j - a +0 long sword (weapon)
Armour
 a - a +0 robe (worn)
 l - a +0 pair of boots (worn)
 m - a +0 hat (worn)
 o - a +0 pair of gloves (worn)
Talismans
 i - a storm talisman
Scrolls
 c - 2 scrolls of poison
 e - 3 scrolls of teleportation
 f - a scroll of enchant weapon {unknown}
 h - 2 scrolls of fog
 k - a scroll of enchant armour {unknown}
 u - a scroll of blinking {unknown}
Potions
 b - a potion of magic
 d - a potion of resistance {unknown}
 g - 2 potions of curing {unknown}
 n - a potion of mutation {unknown}
 p - 2 potions of might {unknown}
 q - 2 potions of enlightenment {unknown}
 r - 2 potions of heal wounds {unknown}
 s - a potion of lignification {unknown}
 t - a potion of degeneration {unknown}


   Skills:
 - Level 2.4 Dodging
 - Level 2.4 Stealth
 - Level 8.0 Spellcasting
 + Level 0.6 Conjurations
 - Level 1.1 Transmutations
 - Level 3.2 Earth Magic


You had 16 spell levels left.
You knew the following spells:

 Your Spells              Type           Power      Damage    Failure   Level
a - Sandblast             Erth           46%        2d11      1%          1
b - Stone Arrow           Conj/Erth      34%        3d9       10%         3

Your spell library contained the following spells:

 Spells                   Type           Power      Damage    Failure   Level
 Passwall                 Tmut/Erth      15%        N/A       4%          2
 Petrify                  Tmut/Erth      18%        N/A       30%         4


Dungeon Overview and Level Annotations

Branches:
Dungeon (3/15)              Sewer (1/1)

Altars:


Message History

The frilled lizard hisses angrily.
You enter the shallow water.
Moving in this stuff is going to be slow.
The blast of sand hits the frilled lizard!
You kill the frilled lizard!
You enter the shallow water.
Moving in this stuff is going to be slow.
Found a gate leading back out of this place.
Why would you want to do that? Why would you want to do that?
A bullfrog comes into view.
The bullfrog croaks.
A bullfrog comes into view.
The bullfrog gives a loud, deep croak!
The bullfrog hits you but does no damage.
The blast of sand hits the bullfrog!
The bullfrog is severely wounded.
The bullfrog hits you. The bullfrog hits you! The bullfrog hits you. x2
You are too injured to fight recklessly!
Aiming: Sandblast (safe; 1% risk of failure)
Press: ? - help, Q - select action Shift-Dir - straight line, f/p - bullfrog
Aim: a bullfrog (water, severely wounded, 79% to hit)
The blast of sand hits the bullfrog!
You kill the bullfrog!
The bullfrog hits you but does no damage.
The bullfrog hits you!
* * * LOW HITPOINT WARNING * * *
Training target 8.0 for Spellcasting reached!
Your Spellcasting skill increases to level 8!
You need to enable at least one skill for training.
Okay, then.
Aiming: Sandblast (safe; 1% risk of failure)
Press: ? - help, Q - select action Shift-Dir - straight line, f - bullfrog
Aim: a bullfrog (water, 79% to hit)
The blast of sand hits the bullfrog!
The bullfrog is severely wounded.
The bullfrog closely misses you. The bullfrog hits you.
* * * LOW HITPOINT WARNING * * *
The bullfrog hits you.
You die...

#.~≈≈~# #.~≈~.# ###
#.~≈≈~# ###≈≈≈
#.~≈≈≈####≈≈≈≈≈≈
#~~≈≈≈##≈≈≈~≈≈≈≈
#~~≈≈≈#≈≈~~∩~≈≈≈
#~~≈≈≈≈≈≈≈~...≈≈.~~≈≈
#~~≈~≈≈~≈F~~~.~?)..~≈≈≈≈≈
#†~≈~~~≈@≈≈~.~~[)/.≈≈≈≈≈≈
#~~≈~~≈≈≈~≈≈.~~.:.≈≈≈≈≈≈≈
#~~≈~~~≈≈≈~~.~.~~≈≈≈≈≈≈≈≈
#.~≈~~~≈≈≈≈~~.~≈≈≈≈≈≈~≈≈#
#~~≈~.~≈≈≈≈≈≈≈≈≈≈≈≈≈~≈≈≈#
#.~≈~.~≈≈≈≈≈~~≈≈≈≈≈≈≈~###
#.~≈~~..~~~~≈≈~≈†~.......
#.~≈≈~~~~≈≈≈~~≈~~~~~~~~~~
#.~~≈≈≈≈≈≈≈≈≈≈≈≈≈≈≈≈≈≈≈≈≈


You could see a bullfrog.

Vanquished Creatures
  A bullfrog (Sewer)
  9 adders
  A worm (D:3)
  2 dart slugs
  An orc (D:3)
  4 endoplasms
  5 giant cockroaches
  3 goblins
  5 hobgoblins (D:1)
  4 jackals (D:2)
  A kobold (D:1)
  10 quokkas
  11 ball pythons
  4 bats
  10 frilled lizards
  2 rats
73 creatures vanquished.

Notes
Turn   | Place    | Note
-------+----------+-------------------------------------------
     0 | D:1      | horus123 the Deep Elf Earth Elementalist began the quest
                  | for the Orb.
     0 | D:1      | Reached XP level 1. HP: 10/10 MP: 6/6
   264 | D:1      | Reached skill level 4 in Spellcasting
   264 | D:1      | Reached XP level 2. HP: 15/15 MP: 7/9
  1032 | D:1      | Found a faded altar of an unknown god.
  1171 | D:2      | Reached skill level 5 in Spellcasting
  1171 | D:2      | Reached XP level 3. HP: 19/19 MP: 7/11
  1382 | D:2      | Identified the +1 leather armour of the Armoured One {rF+
                  | rN+ Str-2}
  1756 | D:3      | Learned a level 3 spell: Stone Arrow
  1808 | D:3      | Reached skill level 6 in Spellcasting
  1808 | D:3      | Reached XP level 4. HP: 24/24 MP: 11/14
  1996 | D:3      | Found a glowing drain.
  2013 | Sewer    | Entered a sewer
  2145 | Sewer    | Reached skill level 7 in Spellcasting
  2218 | Sewer    | Reached XP level 5. HP: 28/28 MP: 13/16
  2374 | Sewer    | Reached skill level 8 in Spellcasting
  2374 | Sewer    | Slain by a bullfrog

Illustrated notes

Levels and vault maps discovered:
D:1:      giann_horns, layout_basic, hellmonk_ecumenical_altar_crossroads,
          nicolae_eternal_life
D:2:      layout_basic, grunt_decor_one_mirror
D:3:      minmay_angry_zag, layout_loops_ring,
          nicolae_uskayaw_murder_on_the_dancefloor, portal_sewer_entry_f
Sewer:    sewer_frog_island_01

Skill      XL: |  1  2  3  4  5 |
---------------+----------------+-----
Spellcasting   | 4 5 6 7 8 |  8.0
Dodging        | |  2.4
Stealth        | |  2.4
Conjurations   | |  0.6
Transmutations | |  1.1
Earth Magic    | |  3.2

Action                     |  1- 3 |  4- 6 || total
---------------------------+-------+-------++-------
  Melee: Long sword        |       |     1 ||     1
   Cast: Sandblast         |    44 |    48 ||    92
    Use: Scroll            |     3 |       ||     3
 Armour: Robe              |     6 |     5 ||    11
  Dodge: Dodged            |    11 |    20 ||    31

Table legend: (Time is in decaauts)
 A = Elapsed time spent in this place.
 B = Non-inter-level travel time spent in this place.
 C = Inter-level travel time spent in this place.
 D = Time resting spent in this place.
 E = Time spent auto-exploring this place.
 F = Levels seen in this place.
 G = Mean time per level.
                   A        B        C        D        E       F      G
               +--------+--------+--------+--------+--------+-----+--------+
         Total |   2451 |   2247 |    204 |      0 |   1809 |   4 |  612.8 |
       Dungeon |   2046 |   1842 |    204 |      0 |   1532 |   3 |  682.0 |
         Sewer |    404 |    404 |      0 |      0 |    277 |   1 |  404.0 |
               +--------+--------+--------+--------+--------+-----+--------+

Top non-repeatable levels by time:
     D:1: 1176 daAuts
     D:2: 574 daAuts
   Sewer: 404 daAuts
     D:3: 295 daAuts
